Punishers vs Reign
Created - January 13, 2022 at 21:29
Goals
|
| Punishers |
2 |
2 |
2 |
0 |
0 |
6 |
| Reign |
2 |
3 |
1 |
0 |
1 |
7 |
|
Shots
|
| Punishers |
12 |
14 |
14 |
1 |
3 |
41 |
| Reign |
11 |
13 |
12 |
0 |
3 |
36 |
|
1st period
1. Reign , Matthew Tkachuk 4 (Matt Roy 2, Sergey Kalinin 2) at 8:14
2. Punishers , Anton Blidh 3 (Michael Joly 2) at 13:29
3. Reign , Jordan Kyrou 5 (Markus Nutivaara 11, Mike Amadio 3) at 15:58 (PP)
4. Punishers , Daniel Audette 4 (Connor Clifton 3, Nikita Gusev 5) at 16:46
Penalties :
Austen Brassard (Pro) for Hooking (Minor) at 10:36, Artem Zub (Pro) for Hooking (Minor) at 15:21
2nd period
5. Punishers , Noah Juulsen 3 (Anton Blidh 7, Austen Brassard 7) at 0:55
6. Reign , Joachim Blichfeld 3 (Josh Anderson 2) at 7:06
7. Reign , Kyle Connor 8 (Jordan Kyrou 8, Josh Anderson 3) at 9:43
8. Punishers , Anton Blidh 4 (Austen Brassard 8, Connor Clifton 4) at 12:05
9. Reign , Joachim Blichfeld 4 (Joel Eriksson Ek 5) at 12:57
Penalties :
No Penalty
3rd period
10. Punishers , John Quenneville 8 (Andreas Athanasiou 7, Artem Zub 9) at 0:36
11. Reign , Joachim Blichfeld 5 (Joel Eriksson Ek 6) at 4:36
12. Punishers , Daniel Audette 5 (Nikita Gusev 6, Carter Ashton 2) at 17:41
Penalties :
Chrstian Dvorak (Pro) for Hooking (Minor) at 2:11, Matthew Tkachuk (Ont) for Boarding (Minor) at 8:40
Overtime #1
No Goal
Penalties :
No Penalty
Shootout
Punishers, Corey Tropp - Stopped by Carter Hart
Reign, Erik Christensen - Shot Misses the Net
Punishers, Tyler Bertuzzi - Stopped by Carter Hart
Reign, Mike Amadio - Stopped by Daniel Altshuller
Punishers, Andreas Athanasiou - Stopped by Carter Hart
Reign, Alex Iafallo - Goal!
Penalties :
No Penalty
Goalie Stats
Daniel Altshuller (Pro), 30 saves from 36 shots - (0.833), OTL, 0-0-1, 65:00 minutes
Carter Hart (Ont), 35 saves from 41 shots - (0.854), W, 5-5-0, 65:00 minutes
Players Stats for Punishers
Player Name G A P +/- PIM S H SB GA TA FO MP PP MP PK MP
------------------------------------------------------------------------------------
Alex Schoenborn 0 0 0 0 0 0 0 0 0 0 0/0 3:28 0:20 0:00
Alexander Nylander 0 0 0 0 0 0 0 0 0 0 0/0 1:39 0:00 0:53
Andreas Athanasiou 0 1 1 0 0 5 2 0 0 1 0/0 18:11 1:03 1:12
Anton Blidh 2 1 3 2 0 5 2 0 0 0 0/0 7:42 0:00 0:41
Artem Zub 0 1 1 2 2 1 2 1 0 0 0/0 30:18 1:02 2:14
Austen Brassard 0 2 2 1 2 0 2 1 0 1 0/0 16:07 0:20 0:00
Austin Wagner 0 0 0 0 0 0 0 0 0 0 0/0 0:00 0:00 0:00
Beck Malenstyn 0 0 0 0 0 0 0 0 0 0 0/0 0:00 0:00 0:00
Brett Kulak 0 0 0 2 0 1 1 3 0 0 0/0 30:56 1:02 2:51
Carter Ashton 0 1 1 -1 0 3 3 0 1 0 1/1 11:59 0:00 0:00
Chrstian Dvorak 0 0 0 0 2 3 2 0 0 0 1/1 15:33 1:03 0:00
Connor Clifton 0 2 2 -1 0 0 2 1 0 0 0/0 22:07 0:57 1:44
Corey Tropp 0 0 0 0 0 8 3 1 0 1 2/9 24:27 0:36 2:33
Daniel Audette 2 0 2 -1 0 2 0 2 0 0 3/6 11:59 0:00 0:00
Gabriel Gagne 0 0 0 0 0 0 0 0 0 0 0/0 0:00 0:00 0:00
John Quenneville 1 0 1 0 0 5 1 0 1 0 5/10 15:18 1:03 0:00
Michael Joly 0 1 1 1 0 0 0 0 1 0 2/3 5:29 0:20 0:00
Nicolas Roy 0 0 0 2 0 0 0 0 0 0 1/2 6:40 0:00 0:00
Nikita Gusev 0 2 2 -1 0 1 1 0 0 0 0/0 11:59 0:00 0:00
Niko Mikkola 0 0 0 0 0 0 0 0 0 0 0/0 11:57 0:00 0:00
Noah Juulsen 1 0 1 -1 0 1 0 0 0 0 0/0 22:44 0:57 2:21
Radek Faksa 0 0 0 0 0 3 2 1 0 0 18/30 22:25 0:36 1:12
Tyler Bertuzzi 0 0 0 0 0 3 0 0 0 1 0/1 24:23 0:36 2:39
Players Stats for Reign
Player Name G A P +/- PIM S H SB GA TA FO MP PP MP PK MP
------------------------------------------------------------------------------------
Alex Iafallo 0 0 0 -3 0 1 0 0 0 0 0/0 17:52 0:00 0:44
Brendan Lemieux 0 0 0 -2 0 3 1 0 0 0 3/6 18:37 2:33 0:32
Charlie McAvoy 0 0 0 0 0 0 1 3 0 0 0/0 15:47 1:23 0:00
Christopher Tanev 0 0 0 0 0 0 1 1 0 0 0/0 17:41 0:00 1:20
Erik Christensen 0 0 0 -3 0 0 4 0 0 0 6/15 16:52 0:00 0:00
Filip Hronek 0 0 0 0 0 0 1 2 0 0 0/0 15:03 0:00 0:39
Joachim Blichfeld 3 0 3 2 0 4 0 0 1 0 0/1 11:16 0:00 0:00
Joel Eriksson Ek 0 2 2 2 0 1 0 1 0 0 2/9 13:15 0:01 0:17
Jordan Kyrou 1 1 2 0 0 6 0 0 0 1 0/1 13:19 2:02 0:00
Jordan Schmaltz 0 0 0 -1 0 1 1 0 2 0 0/0 20:11 1:23 1:20
Josh Anderson 0 2 2 2 0 2 1 0 0 0 0/0 11:33 0:00 0:00
Kale Clague 0 0 0 0 0 1 0 0 0 2 0/0 14:26 3:12 0:00
Kyle Connor 1 0 1 0 0 3 2 0 0 0 1/1 13:19 2:02 0:00
Logan Stanley 0 0 0 1 0 0 3 1 0 0 0/0 10:04 0:00 0:00
Markus Nutivaara 0 1 1 -2 0 3 0 1 0 0 0/0 21:28 3:12 0:39
Matt Roy 0 1 1 0 0 0 1 3 0 0 0/0 15:20 0:00 0:00
Matthew Tkachuk 1 0 1 0 2 3 2 1 0 0 0/0 18:30 2:32 0:00
Mike Amadio 0 1 1 0 0 3 1 0 0 0 6/11 17:37 2:02 1:10
Nick Schmaltz 0 0 0 0 0 4 1 1 0 0 3/3 17:41 2:33 0:00
Sergey Kalinin 0 1 1 0 0 1 0 1 1 0 8/15 15:25 0:00 0:17
Trent Frederic 0 0 0 -1 0 0 0 0 0 0 1/1 2:44 0:00 0:58
3 Stars
1 - Joachim Blichfeld (Ont)
2 - Anton Blidh (Pro)
3 - Daniel Audette (Pro)
Power Play
Punishers - 0 on 0 Attempt(s) - 0.00%
Reign - 1 on 4 Attempt(s) - 25.00%
Penalty Kill
Punishers - 3 on 4 Attempt(s) - 75.00%
- Score 0 goal in Penalty Kill
Reign - 0 on 0 Attempt(s) - 0.00%
- Score 0 goal in Penalty Kill
Team Stat
Punishers - Hits : 23 - Faceoff Wins : 33 - Blocked Shots : 10 - Penalty Minutes : 6
Reign - Hits : 20 - Faceoff Wins : 30 - Blocked Shots : 15 - Penalty Minutes : 2
Official
Referees : Justin St. Pierre and Tom Chmielewski
Linesman : Travis Gawryletz and James Tobias
Game Notes
Joachim Blichfeld has scored a Hat Trick!
15:15 of 3rd period - Penalty Shot by Brett Kulak for Punishers - Stopped by Carter Hart
Finance
Level 1 -- Attendance: 1713 (85.65%) -- Ticket Income $59,955
Level 2 -- Attendance: 843 (84.30%) -- Ticket Income $12,645
Total Attendance: 2556 (85.20%)
Total Ticket Income: $72,600
Other Income: $3,630
Total Income: $76,230
Punishers
5 vs 5 Forward
Center Left Wing Right Wing Time % Phy DF OF
1 Radek Faksa Tyler Bertuzzi Corey Tropp 40 1 2 2
2 John Quenneville Chrstian Dvorak Andreas Athanasiou 30 1 2 2
3 Daniel Audette Nikita Gusev Carter Ashton 20 1 2 2
4 Nicolas Roy Anton Blidh Austen Brassard 10 1 2 2
5 vs 5 Defense
Defense Defense Time % Phy DF OF
1 Brett Kulak Artem Zub 40 1 2 2
2 Noah Juulsen Connor Clifton 30 1 2 2
3 Niko Mikkola Austen Brassard 20 1 2 2
4 Brett Kulak Artem Zub 10 1 2 2
PowerPlay Forward
Center Left Wing Right Wing Time % Phy DF OF
1 Radek Faksa Tyler Bertuzzi Corey Tropp 60 1 2 2
2 John Quenneville Chrstian Dvorak Andreas Athanasiou 40 1 2 2
PowerPlay Defense
Defense Defense Time % Phy DF OF
1 Brett Kulak Artem Zub 60 1 2 2
2 Noah Juulsen Connor Clifton 40 1 2 2
Penalty Kill 4 Players Forward
Center Wing Time % Phy DF OF
1 Corey Tropp Tyler Bertuzzi 60 1 2 2
2 Andreas Athanasiou Radek Faksa 40 1 2 2
Penalty Kill 4 Players Defense
Defense Defense Time % Phy DF OF
1 Brett Kulak Artem Zub 60 1 2 2
2 Noah Juulsen Connor Clifton 40 1 2 2
Penalty Kill - 3 Players Forward
Forward Time % Phy DF OF
1 Corey Tropp 60 1 2 2
2 Tyler Bertuzzi 40 1 2 2
Penalty Kill - 3 Players Defense
Defense Defense Time % Phy DF OF
1 Brett Kulak Artem Zub 60 1 2 2
2 Noah Juulsen Connor Clifton 40 1 2 2
4 vs 4 Forward
Center Wing Time % Phy DF OF
1 Corey Tropp Tyler Bertuzzi 60 1 2 2
2 Andreas Athanasiou Radek Faksa 40 1 2 2
4 vs 4 Defense
Defense Defense Time % Phy DF OF
1 Brett Kulak Artem Zub 60 1 2 2
2 Noah Juulsen Connor Clifton 40 1 2 2
Last Minutes Offensive
Center Left Wing Right Wing Defense Defense
Radek Faksa Tyler Bertuzzi Corey Tropp Brett Kulak Artem Zub
Last Minutes Defensive
Center Left Wing Right Wing Defense Defense
Radek Faksa Tyler Bertuzzi Corey Tropp Brett Kulak Artem Zub
Goaltenders
Starting : Daniel Altshuller
Backup : Connor Ingram
Extra Forwards
Normal : Michael Joly, Alex Schoenborn, Alexander Nylander - PP : Michael Joly, Alex Schoenborn - PK : Alexander Nylander
Extra Defensemen
Normal : Niko Mikkola, Noah Juulsen, Connor Clifton - PP : Niko Mikkola - PK : Noah Juulsen, Connor Clifton
Penalty Shots
Corey Tropp, Tyler Bertuzzi, Andreas Athanasiou, Radek Faksa, Carter Ashton
Scratches
Ben Betker (Broken Bone (Right Leg) Injury), Fredrik Claesson (Dislocated Patella Injury), Louis Domingue (Exhaustion)
Reign
5 vs 5 Forward
Center Left Wing Right Wing Time % Phy DF OF
1 Erik Christensen Brendan Lemieux Alex Iafallo 30 1 1 3
2 Sergey Kalinin Matthew Tkachuk Nick Schmaltz 30 1 2 2
3 Mike Amadio Kyle Connor Jordan Kyrou 20 0 2 3
4 Joel Eriksson Ek Joachim Blichfeld Josh Anderson 20 0 3 2
5 vs 5 Defense
Defense Defense Time % Phy DF OF
1 Markus Nutivaara Jordan Schmaltz 30 0 3 2
2 Christopher Tanev Matt Roy 25 1 3 1
3 Charlie McAvoy Filip Hronek 25 1 3 1
4 Logan Stanley Kale Clague 20 1 3 1
PowerPlay Forward
Center Left Wing Right Wing Time % Phy DF OF
1 Brendan Lemieux Matthew Tkachuk Nick Schmaltz 60 0 2 3
2 Mike Amadio Kyle Connor Jordan Kyrou 40 0 2 3
PowerPlay Defense
Defense Defense Time % Phy DF OF
1 Kale Clague Markus Nutivaara 60 1 2 2
2 Charlie McAvoy Jordan Schmaltz 40 1 2 2
Penalty Kill 4 Players Forward
Center Wing Time % Phy DF OF
1 Mike Amadio Trent Frederic 60 1 3 1
2 Joel Eriksson Ek Sergey Kalinin 40 1 3 1
Penalty Kill 4 Players Defense
Defense Defense Time % Phy DF OF
1 Christopher Tanev Jordan Schmaltz 60 1 4 0
2 Filip Hronek Markus Nutivaara 40 1 4 0
Penalty Kill - 3 Players Forward
Forward Time % Phy DF OF
1 Mike Amadio 60 2 3 0
2 Joel Eriksson Ek 40 2 3 0
Penalty Kill - 3 Players Defense
Defense Defense Time % Phy DF OF
1 Christopher Tanev Jordan Schmaltz 60 1 4 0
2 Filip Hronek Markus Nutivaara 40 1 4 0
4 vs 4 Forward
Center Wing Time % Phy DF OF
1 Erik Christensen Mike Amadio 60 1 2 2
2 Alex Iafallo Brendan Lemieux 40 1 2 2
4 vs 4 Defense
Defense Defense Time % Phy DF OF
1 Christopher Tanev Jordan Schmaltz 60 1 2 2
2 Matt Roy Markus Nutivaara 40 1 2 2
Last Minutes Offensive
Center Left Wing Right Wing Defense Defense
Erik Christensen Brendan Lemieux Nick Schmaltz Christopher Tanev Jordan Schmaltz
Last Minutes Defensive
Center Left Wing Right Wing Defense Defense
Mike Amadio Brendan Lemieux Nick Schmaltz Christopher Tanev Jordan Schmaltz
Goaltenders
Starting : Carter Hart
Backup : Garret Sparks
Extra Forwards
Normal : Trent Frederic, Mike Amadio, Joel Eriksson Ek - PP : Joel Eriksson Ek, Alex Iafallo - PK : Alex Iafallo
Extra Defensemen
Normal : Charlie McAvoy, Filip Hronek, Logan Stanley - PP : Charlie McAvoy - PK : Matt Roy, Logan Stanley
Penalty Shots
Erik Christensen, Mike Amadio, Alex Iafallo, Brendan Lemieux, Nick Schmaltz
Scratches
Blake Lizotte (Healthy), Bokondji Imama (Healthy), Caleb Jones (Healthy), Dmitri Orlov (Healthy), Jacob Josefson (Healthy)
Joel Vermin (Healthy), Jordan Weal (Healthy), Michael Ferland (Healthy), Nikita Tryamkin (Healthy), Phillip Danault (Healthy)
Dan Renouf (Healthy), Austin Czarnik (Healthy), Cal Petersen (Healthy), Jordan Binnington (Healthy)
% Time on Ice - Punishers
Lines # - Real PCT - Wanted PCT - Time Play
Normal Forward
1 - 38% - 40% - 20:16
2 - 27% - 30% - 14:31
3 - 22% - 20% - 11:59
4 - 12% - 10% - 6:40
Normal Defense
1 - 39% - 40% - 21:02
2 - 32% - 30% - 17:20
3 - 22% - 20% - 11:45
4 - 6% - 10% - 3:19
PP Forward
1 - 47% - 60% - 0:56
2 - 53% - 40% - 1:03
PP Defense
1 - 52% - 60% - 1:02
2 - 48% - 40% - 0:57
PK Forward
1 - 74% - 60% - 3:23
2 - 26% - 40% - 1:12
PK Defense
1 - 62% - 60% - 2:51
2 - 38% - 40% - 1:44
PK3 Forward
1 - 0% - 60%
2 - 0% - 40%
PK3 Defense
1 - 0% - 60%
2 - 0% - 40%
44 Forward
1 - 72% - 60% - 3:35
2 - 28% - 40% - 1:25
44 Defense
1 - 58% - 60% - 2:54
2 - 42% - 40% - 2:06
Last Minute Offensive - 0:00
Last Minute Defensive - 0:00
Total
Forward - 65:00
Defense - 65:00
|
% Time on Ice - Reign
Lines # - Real PCT - Wanted PCT - Time Play
Normal Forward
1 - 29% - 30% - 15:28
2 - 29% - 30% - 15:45
3 - 20% - 20% - 10:57
4 - 21% - 20% - 11:16
Normal Defense
1 - 30% - 30% - 16:14
2 - 25% - 25% - 13:06
3 - 26% - 25% - 14:02
4 - 19% - 20% - 10:04
PP Forward
1 - 56% - 60% - 2:33
2 - 44% - 40% - 2:02
PP Defense
1 - 70% - 60% - 3:12
2 - 30% - 40% - 1:23
PK Forward
1 - 86% - 60% - 1:42
2 - 14% - 40% - 0:17
PK Defense
1 - 67% - 60% - 1:20
2 - 33% - 40% - 0:39
PK3 Forward
1 - 0% - 60%
2 - 0% - 40%
PK3 Defense
1 - 0% - 60%
2 - 0% - 40%
44 Forward
1 - 76% - 60% - 3:48
2 - 24% - 40% - 1:12
44 Defense
1 - 55% - 60% - 2:46
2 - 45% - 40% - 2:14
Last Minute Offensive - 0:00
Last Minute Defensive - 0:00
Total
Forward - 65:00
Defense - 65:00
|
Play-by-Play
1st period
0:01 of 1st period - Erik Christensen wins face-off versus Radek Faksa in neutral zone.
0:06 of 1st period - Snap shot by Erik Christensen.
0:06 of 1st period - Deflect By Brendan Lemieux.
0:06 of 1st period - Shot Misses the Net.
0:06 of 1st period - Puck is out of play.
0:07 of 1st period - Radek Faksa wins face-off versus Erik Christensen in Punishers zone.
0:29 of 1st period - Icing by Brett Kulak.
0:30 of 1st period - Radek Faksa wins face-off versus Sergey Kalinin in Punishers zone.
0:30 of 1st period - Radek Faksa is hit by Matthew Tkachuk.
1:00 of 1st period - Slapshot by Kyle Connor.
1:00 of 1st period - Stopped by Daniel Altshuller with a rebound.
1:42 of 1st period - Charlie McAvoy is hit by Artem Zub and loses puck.
2:07 of 1st period - Wrist shot by Nick Schmaltz.
2:07 of 1st period - Stopped by Daniel Altshuller with a rebound.
2:09 of 1st period - Wrist shot by Sergey Kalinin.
2:09 of 1st period - Stopped by Daniel Altshuller with a rebound.
2:11 of 1st period - Wrist shot by Matthew Tkachuk.
2:11 of 1st period - Shot Misses the Net.
2:13 of 1st period - Wrist shot by Nick Schmaltz.
2:13 of 1st period - Shot Misses the Net.
2:23 of 1st period - Snap shot by Jordan Kyrou.
2:23 of 1st period - Shot Misses the Net.
2:25 of 1st period - Snap shot by Jordan Kyrou.
2:25 of 1st period - Shot Misses the Net.
3:26 of 1st period - Chrstian Dvorak is hit by Erik Christensen and loses puck.
3:45 of 1st period - John Quenneville is hit by Matt Roy and loses puck.
3:52 of 1st period - Snap shot by Kyle Connor.
3:52 of 1st period - Shot Misses the Net.
4:43 of 1st period - Tyler Bertuzzi is hit by Erik Christensen and loses puck.
4:48 of 1st period - Snap shot by Erik Christensen.
4:48 of 1st period - Shot Blocked by Brett Kulak.
4:58 of 1st period - Artem Zub is hit by Charlie McAvoy and loses puck.
5:19 of 1st period - Joachim Blichfeld is hit by Connor Clifton and loses puck.
6:21 of 1st period - Slapshot by Joachim Blichfeld.
6:21 of 1st period - Shot Misses the Net.
6:45 of 1st period - Slapshot by Nick Schmaltz.
6:45 of 1st period - Stopped by Daniel Altshuller with a rebound.
7:19 of 1st period - Slapshot by Erik Christensen.
7:19 of 1st period - Deflect By Brendan Lemieux.
7:19 of 1st period - Stopped by Daniel Altshuller with a rebound.
7:23 of 1st period - Snap shot by Brendan Lemieux.
7:23 of 1st period - Shot Blocked by Brett Kulak.
8:12 of 1st period - Wrist shot by Sergey Kalinin.
8:12 of 1st period - Shot Misses the Net.
8:14 of 1st period - Slapshot by Matt Roy.
8:14 of 1st period - Deflect By Matthew Tkachuk.
8:14 of 1st period - Goal by Matthew Tkachuk - Punishers : 0 - Reign : 1.
8:15 of 1st period - Sergey Kalinin wins face-off versus Radek Faksa in neutral zone.
8:18 of 1st period - Slapshot by Nick Schmaltz.
8:18 of 1st period - Shot Misses the Net.
8:31 of 1st period - Off-side.
8:32 of 1st period - Erik Christensen wins face-off versus John Quenneville in neutral zone.
8:59 of 1st period - Brett Kulak is hit by Logan Stanley and loses puck.
9:45 of 1st period - Off-side.
9:46 of 1st period - Chrstian Dvorak wins face-off versus Joachim Blichfeld in neutral zone.
9:51 of 1st period - Slapshot by Andreas Athanasiou.
9:51 of 1st period - Stopped by Carter Hart with a rebound.
9:56 of 1st period - Off-side.
9:57 of 1st period - Radek Faksa wins face-off versus Erik Christensen in neutral zone.
10:23 of 1st period - Wrist shot by Nikita Gusev.
10:23 of 1st period - Shot Blocked by Charlie McAvoy.
10:25 of 1st period - Snap shot by Carter Ashton.
10:25 of 1st period - Stopped by Carter Hart without a rebound.
10:26 of 1st period - Daniel Audette wins face-off versus Sergey Kalinin in Reign zone.
10:27 of 1st period - Snap shot by Carter Ashton.
10:27 of 1st period - Stopped by Carter Hart with a rebound.
10:36 of 1st period - Minor Penalty to Austen Brassard for Hooking.
10:37 of 1st period - Corey Tropp wins face-off versus Brendan Lemieux in Punishers zone.
10:47 of 1st period - Wrist shot by Brendan Lemieux.
10:47 of 1st period - Deflect By Nick Schmaltz.
10:47 of 1st period - Shot Misses the Net.
10:47 of 1st period - Puck is out of play.
10:48 of 1st period - Corey Tropp wins face-off versus Brendan Lemieux in Punishers zone.
12:19 of 1st period - Tyler Bertuzzi is hit by Kyle Connor and loses puck.
12:36 of 1st period - Penalty to Austen Brassard is over, Austen Brassard is back on ice.
13:25 of 1st period - Alex Iafallo is hit by Anton Blidh.
13:29 of 1st period - Snap shot by Anton Blidh.
13:29 of 1st period - Goal by Anton Blidh - Punishers : 1 - Reign : 1.
13:30 of 1st period - Radek Faksa wins face-off versus Sergey Kalinin in neutral zone.
13:37 of 1st period - Corey Tropp is hit by Nick Schmaltz and loses puck.
14:02 of 1st period - Snap shot by John Quenneville.
14:02 of 1st period - Shot Misses the Net.
14:20 of 1st period - Erik Christensen is hit by Carter Ashton and loses puck.
14:25 of 1st period - Wrist shot by Nikita Gusev.
14:25 of 1st period - Shot Misses the Net.
15:04 of 1st period - Wrist shot by Andreas Athanasiou.
15:04 of 1st period - Stopped by Carter Hart without a rebound.
15:05 of 1st period - Nick Schmaltz wins face-off versus John Quenneville in Reign zone.
15:16 of 1st period - Snap shot by Nick Schmaltz.
15:16 of 1st period - Shot Misses the Net.
15:18 of 1st period - Slapshot by Matthew Tkachuk.
15:18 of 1st period - Stopped by Daniel Altshuller without a rebound.
15:19 of 1st period - Radek Faksa wins face-off versus Mike Amadio in Punishers zone.
15:21 of 1st period - Minor Penalty to Artem Zub for Hooking.
15:22 of 1st period - Brendan Lemieux wins face-off versus Corey Tropp in Punishers zone.
15:58 of 1st period - Snap shot by Jordan Kyrou.
15:58 of 1st period - Goal by Jordan Kyrou - Punishers : 1 - Reign : 2.
15:59 of 1st period - Radek Faksa wins face-off versus Sergey Kalinin in neutral zone.
16:09 of 1st period - Wrist shot by Radek Faksa.
16:09 of 1st period - Shot Blocked by Sergey Kalinin.
16:11 of 1st period - Snap shot by Corey Tropp.
16:11 of 1st period - Stopped by Carter Hart with a rebound.
16:32 of 1st period - Snap shot by Chrstian Dvorak.
16:32 of 1st period - Stopped by Carter Hart with a rebound.
16:34 of 1st period - Wrist shot by Chrstian Dvorak.
16:34 of 1st period - Shot Misses the Net.
16:44 of 1st period - Wrist shot by Nikita Gusev.
16:44 of 1st period - Shot Blocked by Christopher Tanev.
16:46 of 1st period - Snap shot by Connor Clifton.
16:46 of 1st period - Deflect By Daniel Audette.
16:46 of 1st period - Goal by Daniel Audette - Punishers : 2 - Reign : 2.
16:47 of 1st period - Radek Faksa wins face-off versus Sergey Kalinin in neutral zone.
16:52 of 1st period - Snap shot by Tyler Bertuzzi.
16:52 of 1st period - Stopped by Carter Hart with a rebound.
16:54 of 1st period - Snap shot by Brett Kulak.
16:54 of 1st period - Shot Blocked by Logan Stanley.
16:56 of 1st period - Wrist shot by Radek Faksa.
16:56 of 1st period - Stopped by Carter Hart with a rebound.
17:33 of 1st period - Snap shot by Jordan Kyrou.
17:33 of 1st period - Deflect By Mike Amadio.
17:33 of 1st period - Stopped by Daniel Altshuller with a rebound.
17:35 of 1st period - Snap shot by Jordan Kyrou.
17:35 of 1st period - Deflect By Mike Amadio.
17:35 of 1st period - Shot Misses the Net.
17:35 of 1st period - Puck is out of play.
17:36 of 1st period - Mike Amadio wins face-off versus Radek Faksa in Punishers zone.
17:37 of 1st period - Wrist shot by Jordan Kyrou.
17:37 of 1st period - Shot Misses the Net.
17:43 of 1st period - Mike Amadio is hit by Corey Tropp and loses puck.
18:04 of 1st period - Icing by Brett Kulak.
18:05 of 1st period - John Quenneville wins face-off versus Joel Eriksson Ek in Punishers zone.
18:24 of 1st period - Snap shot by John Quenneville.
18:24 of 1st period - Deflect By Andreas Athanasiou.
18:24 of 1st period - Stopped by Carter Hart with a rebound.
18:26 of 1st period - Wrist shot by John Quenneville.
18:26 of 1st period - Stopped by Carter Hart without a rebound.
18:27 of 1st period - Nick Schmaltz wins face-off versus Radek Faksa in Reign zone.
18:49 of 1st period - Brett Kulak is hit by Matthew Tkachuk and loses puck.
19:25 of 1st period - Wrist shot by Jordan Kyrou.
19:25 of 1st period - Stopped by Daniel Altshuller with a rebound.
19:37 of 1st period - Wrist shot by Jordan Kyrou.
19:37 of 1st period - Deflect By Carter Ashton.
19:37 of 1st period - Shot Misses the Net.
19:37 of 1st period - Puck is out of play.
19:38 of 1st period - Sergey Kalinin wins face-off versus Radek Faksa in Punishers zone.
19:43 of 1st period - Wrist shot by Nick Schmaltz.
19:43 of 1st period - Stopped by Daniel Altshuller without a rebound.
19:44 of 1st period - Sergey Kalinin wins face-off versus Radek Faksa in Punishers zone.
Goals for this period are 2 for Punishers vs 2 for Reign.
Shots for this period are 12 for Punishers vs 11 for Reign.
2nd period
0:01 of 2nd period - Radek Faksa wins face-off versus Erik Christensen in neutral zone.
0:53 of 2nd period - Slapshot by Anton Blidh.
0:53 of 2nd period - Stopped by Carter Hart with a rebound.
0:55 of 2nd period - Slapshot by Noah Juulsen.
0:55 of 2nd period - Goal by Noah Juulsen - Punishers : 3 - Reign : 2.
0:56 of 2nd period - Radek Faksa wins face-off versus Jordan Kyrou in neutral zone.
1:01 of 2nd period - Slapshot by Brett Kulak.
1:01 of 2nd period - Stopped by Carter Hart with a rebound.
1:03 of 2nd period - Snap shot by Artem Zub.
1:03 of 2nd period - Deflect By Tyler Bertuzzi.
1:03 of 2nd period - Shot Misses the Net.
1:03 of 2nd period - Puck is out of play.
1:04 of 2nd period - Mike Amadio wins face-off versus Radek Faksa in Reign zone.
1:11 of 2nd period - Snap shot by Jordan Kyrou.
1:11 of 2nd period - Stopped by Daniel Altshuller with a rebound.
1:55 of 2nd period - Slapshot by Tyler Bertuzzi.
1:55 of 2nd period - Shot Misses the Net.
1:57 of 2nd period - Slapshot by Tyler Bertuzzi.
1:57 of 2nd period - Stopped by Carter Hart without a rebound.
1:58 of 2nd period - John Quenneville wins face-off versus Erik Christensen in Reign zone.
2:33 of 2nd period - Snap shot by Carter Ashton.
2:33 of 2nd period - Shot Misses the Net.
2:35 of 2nd period - Slapshot by Connor Clifton.
2:35 of 2nd period - Shot Blocked by Matthew Tkachuk.
3:29 of 2nd period - Daniel Audette is hit by Jordan Schmaltz and loses puck.
3:44 of 2nd period - Filip Hronek is hit by Corey Tropp and loses puck.
3:49 of 2nd period - Wrist shot by Tyler Bertuzzi.
3:49 of 2nd period - Stopped by Carter Hart without a rebound.
3:50 of 2nd period - John Quenneville wins face-off versus Erik Christensen in Reign zone.
4:47 of 2nd period - Wrist shot by Nick Schmaltz.
4:47 of 2nd period - Shot Misses the Net.
4:49 of 2nd period - Backhand shot by Nick Schmaltz.
4:49 of 2nd period - Shot Blocked by Brett Kulak.
4:51 of 2nd period - Snap shot by Matthew Tkachuk.
4:51 of 2nd period - Shot Misses the Net.
4:53 of 2nd period - Slapshot by Christopher Tanev.
4:53 of 2nd period - Shot Blocked by Radek Faksa.
5:39 of 2nd period - Nicolas Roy is hit by Kyle Connor and loses puck.
5:50 of 2nd period - Jordan Schmaltz is hit by Austen Brassard and loses puck.
6:01 of 2nd period - Snap shot by Nikita Gusev.
6:01 of 2nd period - Shot Misses the Net.
7:06 of 2nd period - Wrist shot by Joachim Blichfeld.
7:06 of 2nd period - Goal by Joachim Blichfeld - Punishers : 3 - Reign : 3.
7:07 of 2nd period - Radek Faksa wins face-off versus Brendan Lemieux in neutral zone.
7:34 of 2nd period - Nick Schmaltz is hit by Andreas Athanasiou and loses puck.
7:41 of 2nd period - Slapshot by John Quenneville.
7:41 of 2nd period - Stopped by Carter Hart with a rebound.
7:43 of 2nd period - Wrist shot by Chrstian Dvorak.
7:43 of 2nd period - Stopped by Carter Hart with a rebound.
8:20 of 2nd period - Slapshot by Radek Faksa.
8:20 of 2nd period - Shot Misses the Net.
8:36 of 2nd period - Wrist shot by John Quenneville.
8:36 of 2nd period - Deflect By Chrstian Dvorak.
8:36 of 2nd period - Stopped by Carter Hart without a rebound.
8:37 of 2nd period - Erik Christensen wins face-off versus John Quenneville in Reign zone.
8:42 of 2nd period - Snap shot by Brendan Lemieux.
8:42 of 2nd period - Stopped by Daniel Altshuller with a rebound.
8:44 of 2nd period - Slapshot by Jordan Schmaltz.
8:44 of 2nd period - Shot Misses the Net.
8:46 of 2nd period - Slapshot by Jordan Schmaltz.
8:46 of 2nd period - Deflect By Andreas Athanasiou.
8:46 of 2nd period - Stopped by Daniel Altshuller without a rebound.
8:47 of 2nd period - Sergey Kalinin wins face-off versus Radek Faksa in Punishers zone.
8:56 of 2nd period - Snap shot by Sergey Kalinin.
8:56 of 2nd period - Shot Misses the Net.
8:58 of 2nd period - Slapshot by Matthew Tkachuk.
8:58 of 2nd period - Shot Misses the Net.
9:14 of 2nd period - Brendan Lemieux is hit by Chrstian Dvorak and loses puck.
9:31 of 2nd period - Slapshot by Jordan Kyrou.
9:31 of 2nd period - Shot Blocked by Artem Zub.
9:33 of 2nd period - Slapshot by Jordan Kyrou.
9:33 of 2nd period - Stopped by Daniel Altshuller with a rebound.
9:35 of 2nd period - Snap shot by Kyle Connor.
9:35 of 2nd period - Stopped by Daniel Altshuller with a rebound.
9:37 of 2nd period - Snap shot by Jordan Kyrou.
9:37 of 2nd period - Stopped by Daniel Altshuller with a rebound.
9:41 of 2nd period - Wrist shot by Kyle Connor.
9:41 of 2nd period - Shot Misses the Net.
9:43 of 2nd period - Slapshot by Kyle Connor.
9:43 of 2nd period - Goal by Kyle Connor - Punishers : 3 - Reign : 4.
9:44 of 2nd period - Sergey Kalinin wins face-off versus Tyler Bertuzzi in neutral zone.
9:59 of 2nd period - Wrist shot by Corey Tropp.
9:59 of 2nd period - Stopped by Carter Hart with a rebound.
10:11 of 2nd period - Noah Juulsen is hit by Erik Christensen and loses puck.
10:37 of 2nd period - Wrist shot by Joachim Blichfeld.
10:37 of 2nd period - Stopped by Daniel Altshuller with a rebound.
12:03 of 2nd period - Slapshot by Anton Blidh.
12:03 of 2nd period - Shot Blocked by Charlie McAvoy.
12:05 of 2nd period - Snap shot by Anton Blidh.
12:05 of 2nd period - Goal by Anton Blidh - Punishers : 4 - Reign : 4.
12:06 of 2nd period - Radek Faksa wins face-off versus Sergey Kalinin in neutral zone.
12:33 of 2nd period - John Quenneville is hit by Erik Christensen and loses puck.
12:50 of 2nd period - Connor Clifton is hit by Josh Anderson and loses puck.
12:55 of 2nd period - Wrist shot by Joel Eriksson Ek.
12:55 of 2nd period - Stopped by Daniel Altshuller with a rebound.
12:57 of 2nd period - Snap shot by Joachim Blichfeld.
12:57 of 2nd period - Goal by Joachim Blichfeld - Punishers : 4 - Reign : 5.
12:58 of 2nd period - Radek Faksa wins face-off versus Sergey Kalinin in neutral zone.
13:34 of 2nd period - Josh Anderson is hit by Andreas Athanasiou and loses puck.
14:09 of 2nd period - Wrist shot by Mike Amadio.
14:09 of 2nd period - Shot Blocked by Connor Clifton.
14:32 of 2nd period - Slapshot by Brett Kulak.
14:32 of 2nd period - Deflect By Daniel Audette.
14:32 of 2nd period - Shot Misses the Net.
14:32 of 2nd period - Puck is out of play.
14:33 of 2nd period - Erik Christensen wins face-off versus Radek Faksa in Reign zone.
15:08 of 2nd period - Snap shot by Anton Blidh.
15:08 of 2nd period - Stopped by Carter Hart without a rebound.
15:09 of 2nd period - Radek Faksa wins face-off versus Joel Eriksson Ek in Reign zone.
15:54 of 2nd period - Snap shot by Carter Ashton.
15:54 of 2nd period - Shot Blocked by Nick Schmaltz.
16:00 of 2nd period - Wrist shot by Nikita Gusev.
16:00 of 2nd period - Shot Misses the Net.
16:39 of 2nd period - Snap shot by Radek Faksa.
16:39 of 2nd period - Shot Misses the Net.
16:41 of 2nd period - Slapshot by Radek Faksa.
16:41 of 2nd period - Stopped by Carter Hart with a rebound.
16:43 of 2nd period - Slapshot by Corey Tropp.
16:43 of 2nd period - Stopped by Carter Hart without a rebound.
16:44 of 2nd period - Nick Schmaltz wins face-off versus John Quenneville in Reign zone.
17:57 of 2nd period - Snap shot by Corey Tropp.
17:57 of 2nd period - Shot Misses the Net.
17:59 of 2nd period - Wrist shot by Tyler Bertuzzi.
17:59 of 2nd period - Deflect By Corey Tropp.
17:59 of 2nd period - Stopped by Carter Hart with a rebound.
18:34 of 2nd period - Wrist shot by Brendan Lemieux.
18:34 of 2nd period - Stopped by Daniel Altshuller with a rebound.
18:42 of 2nd period - Snap shot by Erik Christensen.
18:42 of 2nd period - Shot Misses the Net.
18:56 of 2nd period - Wrist shot by Mike Amadio.
18:56 of 2nd period - Stopped by Daniel Altshuller without a rebound.
18:57 of 2nd period - Sergey Kalinin wins face-off versus Daniel Audette in Punishers zone.
18:57 of 2nd period - Markus Nutivaara is hit by Carter Ashton and loses puck.
19:14 of 2nd period - Snap shot by Carter Ashton.
19:14 of 2nd period - Shot Misses the Net.
19:16 of 2nd period - Snap shot by Daniel Audette.
19:16 of 2nd period - Shot Misses the Net.
19:30 of 2nd period - Wrist shot by Nikita Gusev.
19:30 of 2nd period - Shot Misses the Net.
19:54 of 2nd period - Markus Nutivaara is hit by Carter Ashton and loses puck.
Goals for this period are 2 for Punishers vs 3 for Reign.
Shots for this period are 14 for Punishers vs 13 for Reign.
3rd period
0:01 of 3rd period - Radek Faksa wins face-off versus Erik Christensen in neutral zone.
0:32 of 3rd period - Snap shot by John Quenneville.
0:32 of 3rd period - Stopped by Carter Hart with a rebound.
0:34 of 3rd period - Snap shot by Andreas Athanasiou.
0:34 of 3rd period - Shot Blocked by Matt Roy.
0:36 of 3rd period - Snap shot by John Quenneville.
0:36 of 3rd period - Goal by John Quenneville - Punishers : 5 - Reign : 5.
0:37 of 3rd period - Erik Christensen wins face-off versus Radek Faksa in neutral zone.
1:04 of 3rd period - John Quenneville is hit by Logan Stanley and loses puck.
1:13 of 3rd period - Joachim Blichfeld is hit by Chrstian Dvorak.
1:18 of 3rd period - Icing by Matt Roy.
1:19 of 3rd period - Nicolas Roy wins face-off versus Joel Eriksson Ek in Reign zone.
1:34 of 3rd period - Snap shot by Joachim Blichfeld.
1:34 of 3rd period - Shot Misses the Net.
1:50 of 3rd period - Snap shot by Joachim Blichfeld.
1:50 of 3rd period - Shot Blocked by Corey Tropp.
2:11 of 3rd period - Minor Penalty to Chrstian Dvorak for Hooking.
2:12 of 3rd period - Brendan Lemieux wins face-off versus Corey Tropp in Punishers zone.
2:13 of 3rd period - Slapshot by Markus Nutivaara.
2:13 of 3rd period - Shot Misses the Net.
2:15 of 3rd period - Snap shot by Nick Schmaltz.
2:15 of 3rd period - Stopped by Daniel Altshuller with a rebound.
2:17 of 3rd period - Wrist shot by Brendan Lemieux.
2:17 of 3rd period - Shot Misses the Net.
2:19 of 3rd period - Slapshot by Markus Nutivaara.
2:19 of 3rd period - Stopped by Daniel Altshuller without a rebound.
2:20 of 3rd period - Brendan Lemieux wins face-off versus Corey Tropp in Punishers zone.
2:23 of 3rd period - Snap shot by Nick Schmaltz.
2:23 of 3rd period - Shot Misses the Net.
2:51 of 3rd period - Slapshot by Markus Nutivaara.
2:51 of 3rd period - Deflect By Connor Clifton.
2:51 of 3rd period - Stopped by Daniel Altshuller with a rebound.
2:53 of 3rd period - Slapshot by Kale Clague.
2:53 of 3rd period - Stopped by Daniel Altshuller with a rebound.
2:55 of 3rd period - Wrist shot by Mike Amadio.
2:55 of 3rd period - Shot Misses the Net.
3:09 of 3rd period - Brendan Lemieux is hit by Radek Faksa and loses puck.
4:11 of 3rd period - Penalty to Chrstian Dvorak is over, Chrstian Dvorak is back on ice.
4:24 of 3rd period - Slapshot by Andreas Athanasiou.
4:24 of 3rd period - Stopped by Carter Hart with a rebound.
4:26 of 3rd period - Backhand shot by Artem Zub.
4:26 of 3rd period - Stopped by Carter Hart without a rebound.
4:27 of 3rd period - Daniel Audette wins face-off versus Joel Eriksson Ek in Reign zone.
4:28 of 3rd period - Snap shot by Carter Ashton.
4:28 of 3rd period - Stopped by Carter Hart without a rebound.
4:29 of 3rd period - Joel Eriksson Ek wins face-off versus Daniel Audette in Reign zone.
4:34 of 3rd period - Snap shot by Joachim Blichfeld.
4:34 of 3rd period - Shot Misses the Net.
4:36 of 3rd period - Wrist shot by Joachim Blichfeld.
4:36 of 3rd period - Goal by Joachim Blichfeld - Punishers : 5 - Reign : 6.
4:37 of 3rd period - Radek Faksa wins face-off versus Erik Christensen in neutral zone.
4:44 of 3rd period - Wrist shot by Radek Faksa.
4:44 of 3rd period - Shot Misses the Net.
4:46 of 3rd period - Snap shot by Corey Tropp.
4:46 of 3rd period - Shot Misses the Net.
4:48 of 3rd period - Slapshot by Radek Faksa.
4:48 of 3rd period - Stopped by Carter Hart with a rebound.
4:50 of 3rd period - Slapshot by Tyler Bertuzzi.
4:50 of 3rd period - Shot Blocked by Filip Hronek.
4:52 of 3rd period - Slapshot by Brett Kulak.
4:52 of 3rd period - Shot Blocked by Charlie McAvoy.
5:02 of 3rd period - Artem Zub is hit by Filip Hronek and loses puck.
5:25 of 3rd period - Slapshot by Artem Zub.
5:25 of 3rd period - Deflect By Anton Blidh.
5:25 of 3rd period - Stopped by Carter Hart without a rebound.
5:26 of 3rd period - Mike Amadio wins face-off versus Nicolas Roy in Reign zone.
5:26 of 3rd period - Mike Amadio is hit by Austen Brassard.
5:52 of 3rd period - Noah Juulsen is hit by Christopher Tanev and loses puck.
6:10 of 3rd period - Off-side.
6:11 of 3rd period - Sergey Kalinin wins face-off versus John Quenneville in neutral zone.
7:00 of 3rd period - Backhand shot by Jordan Kyrou.
7:00 of 3rd period - Stopped by Daniel Altshuller with a rebound.
7:02 of 3rd period - Snap shot by Mike Amadio.
7:02 of 3rd period - Stopped by Daniel Altshuller with a rebound.
7:04 of 3rd period - Snap shot by Kyle Connor.
7:04 of 3rd period - Shot Misses the Net.
7:06 of 3rd period - Snap shot by Markus Nutivaara.
7:06 of 3rd period - Shot Blocked by Austen Brassard.
7:32 of 3rd period - Wrist shot by Tyler Bertuzzi.
7:32 of 3rd period - Deflect By Corey Tropp.
7:32 of 3rd period - Stopped by Carter Hart without a rebound.
7:33 of 3rd period - Sergey Kalinin wins face-off versus Corey Tropp in Reign zone.
7:52 of 3rd period - Filip Hronek is hit by Radek Faksa and loses puck.
8:01 of 3rd period - Wrist shot by Matthew Tkachuk.
8:01 of 3rd period - Stopped by Daniel Altshuller with a rebound.
8:40 of 3rd period - Minor Penalty to Matthew Tkachuk for Boarding.
8:41 of 3rd period - John Quenneville wins face-off versus Mike Amadio in Reign zone.
8:43 of 3rd period - Snap shot by Andreas Athanasiou.
8:43 of 3rd period - Stopped by Carter Hart without a rebound.
8:44 of 3rd period - John Quenneville wins face-off versus Mike Amadio in Reign zone.
8:55 of 3rd period - Snap shot by Andreas Athanasiou.
8:55 of 3rd period - Shot Misses the Net.
10:03 of 3rd period - Joel Eriksson Ek is hit by John Quenneville and loses puck.
10:29 of 3rd period - Off-side.
10:30 of 3rd period - Michael Joly wins face-off versus Mike Amadio in neutral zone.
10:37 of 3rd period - Snap shot by Michael Joly.
10:37 of 3rd period - Shot Misses the Net.
10:39 of 3rd period - Snap shot by Austen Brassard.
10:39 of 3rd period - Shot Misses the Net.
10:40 of 3rd period - Penalty to Matthew Tkachuk is over, Matthew Tkachuk is back on ice.
10:55 of 3rd period - Wrist shot by Alex Iafallo.
10:55 of 3rd period - Stopped by Daniel Altshuller with a rebound.
11:30 of 3rd period - Off-side.
11:31 of 3rd period - Radek Faksa wins face-off versus Joel Eriksson Ek in neutral zone.
11:36 of 3rd period - Snap shot by Corey Tropp.
11:36 of 3rd period - Stopped by Carter Hart without a rebound.
11:37 of 3rd period - Radek Faksa wins face-off versus Joel Eriksson Ek in Reign zone.
12:09 of 3rd period - Artem Zub is hit by Logan Stanley and loses puck.
12:20 of 3rd period - Snap shot by Alex Iafallo.
12:20 of 3rd period - Shot Blocked by Daniel Audette.
12:22 of 3rd period - Wrist shot by Alex Iafallo.
12:22 of 3rd period - Shot Blocked by Daniel Audette.
13:10 of 3rd period - Icing by Mike Amadio.
13:11 of 3rd period - Mike Amadio wins face-off versus Daniel Audette in Reign zone.
14:11 of 3rd period - Sergey Kalinin is hit by Brett Kulak and loses puck.
14:22 of 3rd period - Snap shot by Anton Blidh.
14:22 of 3rd period - Shot Misses the Net.
14:38 of 3rd period - Joel Eriksson Ek is hit by Connor Clifton and loses puck.
15:01 of 3rd period - Slapshot by Brendan Lemieux.
15:01 of 3rd period - Shot Misses the Net.
15:15 of 3rd period - Penalty Shot by Brett Kulak for Punishers.
15:15 of 3rd period - Backhand shot by Brett Kulak.
15:15 of 3rd period - Stopped by Carter Hart.
15:16 of 3rd period - Kyle Connor wins face-off versus Radek Faksa in Punishers zone.
15:29 of 3rd period - Snap shot by Radek Faksa.
15:29 of 3rd period - Shot Misses the Net.
15:31 of 3rd period - Wrist shot by Corey Tropp.
15:31 of 3rd period - Stopped by Carter Hart with a rebound.
15:49 of 3rd period - Icing by Noah Juulsen.
15:50 of 3rd period - Daniel Audette wins face-off versus Erik Christensen in Punishers zone.
17:06 of 3rd period - Wrist shot by Matt Roy.
17:06 of 3rd period - Shot Misses the Net.
17:08 of 3rd period - Wrist shot by Josh Anderson.
17:08 of 3rd period - Stopped by Daniel Altshuller without a rebound.
17:09 of 3rd period - Joel Eriksson Ek wins face-off versus Corey Tropp in Punishers zone.
17:18 of 3rd period - Josh Anderson is hit by Corey Tropp and loses puck.
17:35 of 3rd period - Icing by Brendan Lemieux.
17:36 of 3rd period - Carter Ashton wins face-off versus Erik Christensen in Reign zone.
17:39 of 3rd period - Wrist shot by Nikita Gusev.
17:39 of 3rd period - Stopped by Carter Hart with a rebound.
17:41 of 3rd period - Snap shot by Daniel Audette.
17:41 of 3rd period - Goal by Daniel Audette - Punishers : 6 - Reign : 6.
17:42 of 3rd period - Radek Faksa wins face-off versus Mike Amadio in neutral zone.
17:53 of 3rd period - Snap shot by Corey Tropp.
17:53 of 3rd period - Shot Blocked by Matt Roy.
18:24 of 3rd period - Charlie McAvoy is hit by Nikita Gusev and loses puck.
18:37 of 3rd period - Snap shot by John Quenneville.
18:37 of 3rd period - Stopped by Carter Hart with a rebound.
18:39 of 3rd period - Slapshot by Noah Juulsen.
18:39 of 3rd period - Shot Blocked by Filip Hronek.
19:13 of 3rd period - Corey Tropp is hit by Mike Amadio and loses puck.
19:40 of 3rd period - Snap shot by Markus Nutivaara.
19:40 of 3rd period - Stopped by Daniel Altshuller without a rebound.
19:41 of 3rd period - Trent Frederic wins face-off versus Michael Joly in Punishers zone.
19:50 of 3rd period - Wrist shot by Jordan Schmaltz.
19:50 of 3rd period - Deflect By Josh Anderson.
19:50 of 3rd period - Stopped by Daniel Altshuller without a rebound.
19:51 of 3rd period - Mike Amadio wins face-off versus Radek Faksa in Punishers zone.
Goals for this period are 2 for Punishers vs 1 for Reign.
Shots for this period are 14 for Punishers vs 12 for Reign.
Overtime #1
0:01 of 1st overtime period - Erik Christensen wins face-off versus Corey Tropp in neutral zone.
0:42 of 1st overtime period - Wrist shot by Brett Kulak.
0:42 of 1st overtime period - Shot Misses the Net.
0:44 of 1st overtime period - Slapshot by Brett Kulak.
0:44 of 1st overtime period - Shot Blocked by Matt Roy.
0:46 of 1st overtime period - Slapshot by Artem Zub.
0:46 of 1st overtime period - Shot Blocked by Markus Nutivaara.
1:17 of 1st overtime period - Icing by Connor Clifton.
1:18 of 1st overtime period - Michael Joly wins face-off versus Joel Eriksson Ek in Punishers zone.
2:46 of 1st overtime period - Connor Clifton is hit by Brendan Lemieux.
3:12 of 1st overtime period - Markus Nutivaara is hit by Anton Blidh and loses puck.
3:35 of 1st overtime period - Snap shot by Corey Tropp.
3:35 of 1st overtime period - Stopped by Carter Hart with a rebound.
3:37 of 1st overtime period - Slapshot by Andreas Athanasiou.
3:37 of 1st overtime period - Shot Misses the Net.
3:39 of 1st overtime period - Backhand shot by Niko Mikkola.
3:39 of 1st overtime period - Shot Blocked by Joel Eriksson Ek.
3:41 of 1st overtime period - Snap shot by Andreas Athanasiou.
3:41 of 1st overtime period - Deflect By Radek Faksa.
3:41 of 1st overtime period - Shot Misses the Net.
3:41 of 1st overtime period - Puck is out of play.
3:42 of 1st overtime period - Mike Amadio wins face-off versus Corey Tropp in Reign zone.
4:01 of 1st overtime period - Mike Amadio is hit by Artem Zub and loses puck.
Goals for this period are 0 for Punishers vs 0 for Reign.
Shots for this period are 1 for Punishers vs 0 for Reign.
ShootOut
5:00 of 1st overtime period - Round #1.
5:00 of 1st overtime period - Punishers, Corey Tropp.
5:00 of 1st overtime period - Snap shot by Corey Tropp.
5:00 of 1st overtime period - Stopped by Carter Hart.
5:00 of 1st overtime period - Reign, Erik Christensen.
5:00 of 1st overtime period - Wrist shot by Erik Christensen.
5:00 of 1st overtime period - Shot Misses the Net.
5:00 of 1st overtime period - Round #2.
5:00 of 1st overtime period - Punishers, Tyler Bertuzzi.
5:00 of 1st overtime period - Snap shot by Tyler Bertuzzi.
5:00 of 1st overtime period - Stopped by Carter Hart.
5:00 of 1st overtime period - Reign, Mike Amadio.
5:00 of 1st overtime period - Wrist shot by Mike Amadio.
5:00 of 1st overtime period - Stopped by Daniel Altshuller.
5:00 of 1st overtime period - Round #3.
5:00 of 1st overtime period - Punishers, Andreas Athanasiou.
5:00 of 1st overtime period - Wrist shot by Andreas Athanasiou.
5:00 of 1st overtime period - Stopped by Carter Hart.
5:00 of 1st overtime period - Reign, Alex Iafallo.
5:00 of 1st overtime period - Snap shot by Alex Iafallo.
5:00 of 1st overtime period - Goal by Alex Iafallo.
Output by the SimonT Hockey Simulator (STHS) for Francois Prevost